 Dungeon Crawl Stone Soup version 0.31.0-32-g396128a36d (webtiles) character file.

Game seed: 16594747953421103079

16 Killerpretzel the Changeling (level 2, -13/18 HPs)
             Began as an Octopode Shapeshifter on Mar 8, 2024.
             Mangled by an ogre
             ... wielding a +0 giant club
              (31 damage)
             ... on level 2 of the Dungeon.
             The game lasted 00:00:35 (1285 turns).

Killerpretzel the Changeling (OpSh)                 Turns: 1285, Time: 00:00:36

Health: -13/18     AC:  1    Str: 13    XL:     2   Next: 54%
Magic:  2/2        EV: 13    Int: 12    God:
Gold:   29         SH:  5    Dex: 11    Spells: 1/1 levels left

rFire   . .          .
                       - Unarmed
rCold   . . .        (no shield)
rNeg    . . .        (helmet currently unavailable)
rPois   .            e - amulet of reflection
rElec   .            i - ring of resist corrosion
rCorr   +            (no ring)
SInv    .            (no ring)
Will    .....        (no ring)
Stlth   ++           (no ring)
HPRegen 0.23/turn    (no ring)
MPRegen 0.08/turn    (no ring)
                     (no ring)

%: reflection
@: beast-form
A: beast (slay +1), almost no armour, amphibious, 8 rings, camouflage 1,
gelatinous body 1, (nimble swimmer 1), tentacles
a: Begin Untransformation


You were on level 2 of the Dungeon.
You were a hulking beast.
You visited 1 branch of the dungeon, and saw 2 of its levels.

You collected 29 gold pieces.

Inventory:

Missiles
 f - 18 stones (quivered)
Jewellery
 d - an amulet of guardian spirit
 e - an amulet of reflection (around mantle)
 i - a ring of resist corrosion (left tentacle)
Talismans
 b - a beast talisman
 c - a flux talisman
Potions
 a - a potion of lignification
 g - a potion of ambrosia {unknown}


   Skills:
 + Level 1.3 Fighting
 + Level 2.2 Dodging
 + Level 3.1 Unarmed Combat
 * Level 3.2 Shapeshifting


You had one spell level left.
You didn't know any spells.
Your spell library was empty.

Dungeon Overview and Level Annotations

Branches:
Dungeon (2/15)

Altars:


Innate Abilities, Weirdness & Mutations

You are a hulking beast.
Your limbs bulge with bestial killing power. (Slay +1)
You cannot wear most types of armour.
You are amphibious.
You can wear up to eight rings at the same time.
Your skin changes colour to match your surroundings (Stealth+).
Your rubbery body absorbs attacks. (AC +1, EV +1)
((You are camouflaged when in or above water. (Stealth+)))
You have tentacles for arms and can constrict up to eight enemies at once.


Message History

No target in view!
No target in view!
No target in view!
You open the door.
A goblin comes into view. It is wielding a +0 dagger.
There is an open door here.
You throw a stone. The stone hits the goblin.
The goblin shouts!
The goblin is heavily wounded.
You throw a stone. The stone hits the goblin.
You kill the goblin!
No target in view!
No target in view!
No target in view!
No target in view!
No target in view!
No target in view!
No target in view!
No target in view!
An ogre and a rat come into view.
There is a stone staircase leading down here.
You throw a stone.
The stone hits the ogre but does no damage.
You throw a stone. The stone hits the ogre.
The ogre is lightly wounded.
You throw a stone. The stone barely misses the ogre.
The rat squeaks loudly.
You tentacle-slap the ogre.
The ogre is lightly wounded.
The ogre misses you.
You tentacle-slap the ogre.
The ogre is moderately wounded.
You tentacle-slap the ogre.
The ogre is moderately wounded.
The ogre misses you.
You closely miss the ogre.
The ogre is moderately wounded.
The ogre hits you with a +0 giant club!!
Ouch! That really hurt!
You die...

######### #........
###........
#<'........
#############........
.....rOh.####...###+#
#.....#...##.........
#.... #.#.##.........
#... #.#......).....
+.. +.+............
#. #.#............ #
#.#....#+####+#
#.#....# #.#....#


You could see an ogre and a rat.

Vanquished Creatures
  An endoplasm (D:1)
  A giant cockroach (D:1)
  A hobgoblin (D:1)
  3 ball pythons (D:1)
  3 bats (D:1)
  A frilled lizard (D:1)
  2 goblins
  2 kobolds (D:1)
  2 rats (D:1)
16 creatures vanquished.

Notes
Turn   | Place    | Note
-------+----------+-------------------------------------------
     0 | D:1      | Killerpretzel the Octopode Shapeshifter began the quest for
                  | the Orb.
     0 | D:1      | Reached XP level 1. HP: 13/13 MP: 1/1
   401 | D:1      | Reached XP level 2. HP: 5/18 MP: 2/2
  1278 | D:2      | Noticed an ogre
  1285 | D:2      | Mangled by an ogre

Illustrated notes

Levels and vault maps discovered:
D:1:      elethiomel_arrival_quiet, layout_loops_ring, serial_co_window_serial,
          co_window_paths_a, co_window_cross_1, co_window_paths_a,
          co_window_paths_b, co_window_corner_a, co_window_of_opportunity_a,
          co_window_paths_b, co_window_corner_b, co_window_2corner,
          co_window_2corner, co_window_broadway_c, co_window_unsneaky_path_a,
          skrybe_limestone_x
D:2:      layout_basic, serial_shops, shop, uniq_crazy_yiuf_cottage

Action                     || total
---------------------------++-------
  Melee: Unarmed           ||    28
         Constrict         ||     5
         Tentacles         ||     5
  Throw: Stone             ||     5
    Use: Scroll            ||     2
   Stab: Sleeping          ||     2
 Armour: Skin              ||    10
  Dodge: Dodged            ||    16
